 Dungeon Crawl Stone Soup version 0.30-b1-2-g02819fbbbe (webtiles) character file.

Game seed: 10727002569008585807

41 Alarkh the Insei (level 3, 29/29 HPs)
             Began as a Demonspawn Chaos Knight on May 20, 2023.
             Was a Plaything of Xom.
             Got out of the dungeon alive.
             The game lasted 00:01:25 (574 turns).

Alarkh the Insei (Demonspawn Chaos Knight)           Turns: 574, Time: 00:01:26

Health: 29/29      AC:  8    Str: 12    XL:     3   Next: 32%
Magic:  3/3        EV: 11    Int: 15    God:    Xom [....*.]
Gold:   68         SH:  0    Dex: 12    Spells: 2/2 levels left

rFire   . .          .
                       - Unarmed
rCold   . . .        (no shield)
rNeg    . . .        a - +2 leather armour
rPois   +            e - +0 helmet
rElec   .            (no cloak)
rCorr   .            (no gloves)
SInv    .            (no boots)
Will    .....        (no amulet)
Stlth   +            c - ring of poison resistance
HPRegen 0.24/turn    (no ring)
MPRegen 0.08/turn

%: no passive effects
@: no status effects
A: slimy green scales 1
a: Renounce Religion


You escaped.
You worshipped Xom.
You were a beloved toy of Xom.
You visited 1 branch of the dungeon, and saw 2 of its levels.

You collected 68 gold pieces.

Inventory:

Armour
 a - a +2 leather armour (worn)
 e - a +0 helmet (worn)
Jewellery
 c - a ring of poison resistance (left hand)
Scrolls
 f - a scroll of acquirement {unknown}
 g - a scroll of amnesia {unknown}
 h - a scroll of identify {unknown}
Potions
 d - a potion of flight {unknown}
Miscellaneous
 b - a piece from Xom's chessboard (15/15) (quivered)


   Skills:
 + Level 3.5 Fighting
 - Level 1.7 Armour
 - Level 0.8 Dodging
 * Level 3.6 Unarmed Combat


You had 2 spell levels left.
You didn't know any spells.
Your spell library was empty.

Dungeon Overview and Level Annotations

Branches:
Dungeon (2/15)

Altars:


Innate Abilities, Weirdness & Mutations

You are partially covered in slimy green scales. (AC +2)


Message History

The fireball engulfs the plant!!
The plant begins to die.
The plant is engulfed in a cloud of scalding steam. x5
The bat barely misses you.
The plant is engulfed in a cloud of scalding steam. x4
The bat is engulfed in a cloud of scalding steam.
The bat closely misses you. x2
You hit the bat.
You kill the bat!
The plant is engulfed in a cloud of scalding steam. x2
The bat hits you but does no damage. x2
You barely miss the bat.
The bat is severely wounded.
The plant is engulfed in a cloud of scalding steam. x2
The bat hits you but does no damage.
You hit the bat.
You kill the bat!
A nearby plant withers and dies.
The plant is engulfed in a cloud of scalding steam. x2
A nearby plant withers and dies. x2
No target in view!
No target in view!
The plant is engulfed in a cloud of scalding steam.
A nearby plant withers and dies. x2
Found a stone staircase leading down.
Found a scroll labelled YCUIKL ROTTADE.
You see here a scroll labelled YCUIKL ROTTADE.
Okay, then.
A rat is nearby!
You can't go up here!
You closely miss the rat. The rat bites you but does no damage.
You hit the rat.
You kill the rat!
No target in view!
(D) Dungeon
Where to? (Enter - D:1 @ (x,y), ? - help)
You open the door.
There is an open door here.
There is a staircase leading out of the dungeon here.
Are you sure you want to leave the Dungeon?
This will make you lose the game!
You have escaped!

#.#.##..### ...
#........#....
#...S........
#............
#..........###
#.#.###.....# ..
#.....# #. # #######
### #. #@# ### #.# #.#
...# #.# #.# ...##..
#.# #..#.. ##.# #.##.
##..# ###+#####..##
##...####...........#
##....'...............
#.)♣..###.............


There were no monsters in sight!

Vanquished Creatures
  An adder (D:2)
  2 worms (D:2)
  A dart slug (D:1)
  2 bats (D:1)
  2 goblins
  2 hobgoblins
  7 jackals
  A ball python (D:2)
  3 kobolds (D:2)
  2 rats
23 creatures vanquished.

Vanquished Creatures (others)
  A rat (D:1)
  13 plants
14 creatures vanquished.

Grand Total: 37 creatures vanquished

Notes
Turn   | Place    | Note
-------+----------+-------------------------------------------
     0 | D:1      | Alarkh the Demonspawn Chaos Knight began the quest for the
                  | Orb.
     0 | D:1      | Reached XP level 1. HP: 18/18 MP: 1/1
     9 | D:1      | XOM: divination: magic mapping
    44 | D:1      | XOM: 3-stop teleportation journey
    56 | D:1      | XOM: divination: detect items
    62 | D:1      | XOM: enchant monster (good)
   110 | D:2      | XOM: 4-stop teleportation journey
   128 | D:2      | XOM: divination: detect items
   130 | D:2      | XOM: divination: magic mapping
   133 | D:2      | Gained mutation: You are partially covered in slimy green
                  | scales. (AC +2) [demonic ancestry]
   133 | D:2      | Reached XP level 2. HP: 6/24 MP: 2/2
   175 | D:2      | XOM: 1-stop teleportation journey
   326 | D:2      | Reached XP level 3. HP: 20/29 MP: 3/3
   522 | D:1      | XOM: destruction
   574 | D:$      | Got out of the dungeon alive.

Illustrated notes

Levels and vault maps discovered:
D:1:      amcnicky_arrival_feature_with_door, layout_basic, chequers_big_river,
          serial_park_tiny_2, minmay_misc_feat_four_crosses, chequers_garden,
          minmay_small_reverse_x
D:2:      layout_basic, basic_altar, serial_bayou_pond_a,
          corexii_leaking_fountain, minmay_quantized

Skill      XL: |  1 |
---------------+----+-----
Unarmed Combat | 3 |  3.6
Fighting       | |  3.5
Armour         | |  1.7
Dodging        | |  0.8

Action                     || total
---------------------------++-------
  Melee: Unarmed           ||   127
         Punch             ||     4
   Stab: Sleeping          ||     1
 Armour: Leather armour    ||    58
  Dodge: Dodged            ||    78
